 Dungeon Crawl Stone Soup version 0.26.1 (webtiles) character file.

Game seed: 5408054440646452947

43163 Mattiprrivan the Basher (level 13, -1/93 HPs)
             Began as a Demonspawn Wanderer on Feb 6, 2021.
             Was an Elder of Fedhas.
             Slain by a goliath frog (4 damage)
             ... called by a spriggan druid
             ... on level 1 of the Swamp on Feb 7, 2021.
             The game lasted 03:01:27 (13816 turns).

Mattiprrivan the Basher (Demonspawn Wanderer)      Turns: 13816, Time: 03:01:28

Health: -1/93      AC:  9    Str: 23    XL:     13   Next: 89%
Magic:  0/28       EV: 15    Int: 15    God:    Fedhas [****..]
Gold:   1156       SH:  0    Dex: 18    Spells: 12/12 levels left

rFire    + . .     SeeInvis .   c - +9 dire flail (vorpal)
rCold    . . .     Faith    .   (shield currently unavailable)
rNeg     . . .     Spirit   +   w - +2 ring mail {rF+}
rPois    +         Reflect  .   A - +3 hat of Pondering {ponderous, Will+ MP+10 Int+5}
rElec    .         Harm     .   h - +1 cloak {Stlth+}
rCorr    .         Rampage  .   x - +0 pair of gloves {Dex+3}
Will     +....                  (boots unavailable)
Stlth    ++........             j - amulet of regeneration
HPRegen  0.65/turn              b - +6 ring of strength
MPRegen  0.42/turn              t - ring of poison resistance

@: corroded, very slow
A: hooves 3, dopey 1, foul stench 1, wild magic 1, magic shield, magic
regeneration, miasma immunity, MP-powered wands, sharp scales 3
a: Renounce Religion, Wall of Briars, Grow Ballistomycete, Overgrow


You were on level 1 of the Swamp.
You worshipped Fedhas.
Fedhas was greatly pleased with you.
You visited 3 branches of the dungeon, and saw 13 of its levels.
You also visited: Bailey and Volcano.

You collected 1156 gold pieces.

Inventory:

Hand Weapons
 c - a +9 vorpal dire flail (weapon)
 e - a +4 quarterstaff of chaos
 n - a +2 battleaxe of flaming
 q - a +5 dire flail of freezing
Missiles
 i - 29 poisoned darts
 l - 6 atropa-tipped darts
 m - 11 boomerangs
 s - 2 throwing nets
 J - 5 curare-tipped darts (quivered)
Armour
 h - a +1 cloak of stealth (worn)
 u - +2 acid dragon scales
 w - a +2 ring mail of fire resistance (worn)
 x - a +0 pair of gloves of dexterity (worn)
 A - the +3 hat of Pondering (worn) {ponderous, Will+ MP+10 Int+5}
   (You took it off Gastronok on level 2 of the Lair of Beasts)

   It affects your intelligence (+5).
   It affects your willpower, your defense against some magical effects.
   It affects your magic capacity (+10).
Jewellery
 b - a +6 ring of strength (left hand)
 d - an uncursed ring of resist corrosion
 j - an amulet of regeneration (around neck)
 p - an uncursed ring of protection from cold
 t - a ring of poison resistance (right hand)
Wands
 o - a wand of paralysis (9)
 r - a wand of acid (4)
 v - a wand of digging (1)
 y - a wand of flame (9)
 C - a wand of disintegration (4)
 F - a wand of enslavement (1)
Scrolls
 f - 3 scrolls of fog
 g - 5 scrolls of remove curse
 D - a scroll of immolation
 I - 2 scrolls of identify
Potions
 a - a potion of cancellation
 k - 4 potions of curing
 B - a potion of ambrosia
 G - a potion of flight
 H - a potion of haste
Miscellaneous
 E - a lightning rod (1/4)


   Skills:
 * Level 6.3 Fighting
 * Level 6.1(9.7) Axes
 * Level 10.2(11.6) Maces & Flails
 * Level 5.7(8.3) Polearms
 * Level 6.8(10.1) Staves
 * Level 6.5 Throwing
 * Level 5.9 Armour
 * Level 5.6 Dodging
 * Level 6.1 Stealth
 * Level 5.5 Shields
 * Level 5.4 Unarmed Combat
 * Level 7.7 Invocations
 * Level 5.9 Evocations


You had 12 spell levels left.
You didn't know any spells.
Your spell library contained the following spells:

 Spells                   Type           Power        Failure   Level
 Corona                   Hex            0%           47%         1
 Freeze                   Ice            0%           47%         1
 Magic Dart               Conj           0%           47%         1
 Sandblast                Erth           0%           47%         1
 Summon Small Mammal      Summ           0%           47%         1
 Blink                    Tloc           N/A          61%         2
 Call Imp                 Summ           0%           61%         2
 Corpse Rot               Necr/Air       N/A          61%         2
 Passwall                 Tmut/Erth      0%           61%         2
 Slow                     Hex            0%           61%         2
 Call Canine Familiar     Summ           0%           83%         3
 Conjure Flame            Conj/Fire      0%           83%         3
 Frozen Ramparts          Ice            0%           83%         3
 Inner Flame              Hex/Fire       0%           83%         3
 Mephitic Cloud           Conj/Pois/Air  0%           83%         3
 Ozocubu's Armour         Ice            0%           83%         3
 Portal Projectile        Hex/Tloc       0%           83%         3
 Stone Arrow              Conj/Erth      0%           83%         3
 Summon Guardian Golem    Hex/Summ       0%           83%         3
 Cause Fear               Hex            0%           99%         4
 Hailstorm                Conj/Ice       0%           99%         4
 Leda's Liquefaction      Hex/Erth       0%           99%         4
 Petrify                  Tmut/Erth      0%           99%         4
 Summon Ice Beast         Ice/Summ       0%           99%         4
 Summon Lightning Spire   Summ/Air       0%           99%         4
 Lee's Rapid Deconstruct  Erth           0%           100%        5
 Summon Demon             Summ           0%           100%        5
 Summon Forest            Summ/Tloc      0%           100%        5
 Summon Mana Viper        Hex/Summ       0%           100%        5
 Eringya's Noxious Bog    Tmut/Pois      0%           100%        6
 Hydra Form               Tmut           0%           100%        6
 Shadow Creatures         Summ           N/A          100%        6
 Summon Hydra             Summ           0%           100%        7


Dungeon Overview and Level Annotations

Branches:
Dungeon (8/15)             Temple (0/1) D:4            Lair (4/6) D:8
  Swamp (1/4) Lair:4        Snake (0/4) Lair:4       Bailey (visited)
Volcano (visited)

Altars:
Cheibriados
Elyvilon
Fedhas
Gozag
Hepliaklqana
Kikubaaqudgha
Ru
Xom
Yredelemnul
Zin

Shops:
D:4 =


Innate Abilities, Weirdness & Mutations

You have hooves in place of feet.
You may emit foul miasma when damaged in melee.
When hurt, damage is shared between your health and your magic reserves.
You regenerate magic rapidly.
You are immune to miasma.
You are completely covered in razor-sharp scales. (AC +3, Slay +3)
You are dopey. (Int -2)
Your spells are a little harder to cast, but a little more powerful.
You expend magic power (3 MP) to strengthen your wands.


Message History

The tyrant leech draws strength from the alligator's injuries!
The alligator barely misses you.
The alligator tail-slaps you but does no damage.
Your wandering mushroom closely misses the spriggan druid.
The goliath frog hits you from afar!
* * * LOW HITPOINT WARNING * * *
The acid corrodes you!
You are splashed with acid.
* * * LOW HITPOINT WARNING * * *
A ballistomycete spore comes into view.
Unknown command.
The alligator completely misses your ballistomycete spore.
The alligator tail-slaps your ballistomycete spore.
The spriggan druid splashes around in the water.
The eleionoma barely misses your ballistomycete spore.
The tyrant leech bites your wandering mushroom!
Your wandering mushroom releases spores at the spriggan druid.
The spriggan druid is engulfed in a cloud of spores!
The goliath frog hits you from afar.
You die...
Fedhas appreciates your contribution to the ecosystem.

..≈≈≈≈§§≈(≈ ♣♣..§≈.♣♣..♣♣ ♣♣
.≈§≈§..≈≈. ♣≈≈≈≈≈.♣♣.≈≈♣♣♣.
≈≈≈≈≈≈.≈.. ♣♣≈§♣..♣♣.≈<♣♣..
≈≈≈≈≈§.≈≈♣ ♣.....♣♣♣...≈≈≈.
§≈.≈≈≈...♣ ♣.≈≈§.♣ ♣♣...≈≈§
.≈≈.≈≈≈≈≈♣♣♣♣≈≈≈§≈♣♣♣÷..≈.§≈
.≈≈.≈♣≈≈§if♣.≈≈≈≈.♣♣.....≈≈≈
.≈≈≈..≈.wwPP*≈...♣♣......≈≈.
..≈.♣♣...t*@.≈≈..♣..≈≈≈≈.♣♣♣
≈ ♣♣.≈R§≈§≈≈.≈..≈.≈≈.♣♣
♣≈≈F..≈..≈≈≈≈≈≈≈..♣
♣§..≈♣♣..≈..≈≈≈≈≈♣♣
♣≈≈≈≈≈≈.....≈≈♣≈≈♣
♣§≈≈≈≈≈≈♣..≈.≈≈..♣
♣.≈≈≈..≈≈.≈≈≈≈≈.♣♣
♣.♣≈≈♣♣..≈≈≈≈≈≈.


You could see an eleionoma, an alligator (swift), 2 tyrant leeches, a spriggan
druid (sick), a goliath frog, a friendly wandering mushroom (summoned), a
friendly burning bush (summoned), a friendly ballistomycete (summoned) and 2
friendly ballistomycete spores.

Vanquished Creatures
  Gastronok (Lair:2)
  Josephine (Lair:4)
  6 hydras
  An alligator (Swamp:1)
  8 death yaks
  A queen ant (Lair:3)
  Urug (Lair:2)
  A fire crab (Volcano)
  A goliath frog (Swamp:1)
  A lindwurm (Volcano)
  A bog body (Swamp:1)
  An orc knight (Bailey)
  A will-o-the-wisp (Swamp:1)
  6 elephants (Lair:2)
  Joseph (D:8)
  3 black mambas
  A torpor snail (Lair:4)
  Maggie (Lair:2)
  2 molten gargoyles (Volcano)
  A rime drake (Lair:2)
  5 cane toads
  7 komodo dragons
  Prince Ribbit (D:7)
  3 tyrant leeches (Swamp:1)
  15 blink frogs
  3 nagas (Lair:4)
  3 wraiths (Lair:4)
  Sigmund (D:4)
  27 yaks
  2 fire bats (Volcano)
  3 wyverns
  2 steam dragons (Volcano)
  2 wargs (D:8)
  Edmund (D:4)
  20 soldier ants (Lair:3)
  2 swamp worms (Swamp:1)
  2 hell hounds (Volcano)
  8 water moccasins
  Duvessa (D:7)
  A phantom (D:6)
  4 sky beasts
  12 orc warriors
  An ice beast (D:8)
  A black bear (D:7)
  5 ogres
  7 necrophages (Lair:2)
  5 wolves (Lair:4)
  A centaur (D:7)
  13 bullfrogs
  4 scorpions
  Dowan (D:7)
  3 wights (D:8)
  2 vampire bats (D:3)
  2 howler monkeys (D:4)
  7 lava snakes (Volcano)
  A centaur zombie (D:8)
  A bullfrog zombie (D:5)
  4 orc priests
  5 hounds
  Crazy Yiuf (D:7)
  8 orc wizards
  Jessica (D:3)
  Natasha (D:3)
  3 iguanas
  25 worker ants
  A hound skeleton (D:5)
  A worker ant zombie (D:6)
  4 gnolls (D:6)
  13 adders
  A shadow imp (D:6)
  2 white imps (D:8)
  2 ufetubi
  2 adder zombies
  3 adder skeletons
  4 worms
  2 dart slugs
  2 leopard geckos
  31 orcs
  A ball python (D:3)
  6 bats
  3 bat skeletons (D:3)
  3 bat zombies (D:3)
  3 giant cockroaches
  9 goblins
  A hobgoblin (D:3)
  15 jackals
  6 quokkas
  3 frilled lizards
  A jackal zombie (D:5)
  9 kobolds
  4 rats
399 creatures vanquished.

Vanquished Creatures (collateral kills)
  An orc (D:8)
  16 ballistomycete spores
17 creatures vanquished.

Vanquished Creatures (others)
  A naga (Lair:4)
  A ballistomycete spore (Lair:4)
  A bush (Lair:2)
  4 foxfires (Swamp:1)
  22 fungi
  31 plants
60 creatures vanquished.

Grand Total: 476 creatures vanquished

Notes
Turn   | Place    | Note
-------+----------+-------------------------------------------
     0 | D:1      | Mattiprrivan the Demonspawn Wanderer began the quest for
                  | the Orb.
     0 | D:1      | Mattiprrivan set off with the following items: a +2 dagger,
                  | a potion of haste, a scroll of teleportation, a +0
                  | quarterstaff, a +0 robe
     0 | D:1      | Reached XP level 1. HP: 15/15 MP: 1/1
   355 | D:1      | Gained mutation: You are partially covered in razor-sharp
                  | scales. (AC +1, Slay +1) [demonic ancestry]
   355 | D:1      | Reached XP level 2. HP: 20/21 MP: 2/2
   987 | D:2      | Gained mutation: You are mostly covered in razor-sharp
                  | scales. (AC +2, Slay +2) [demonic ancestry]
   987 | D:2      | Reached XP level 3. HP: 26/26 MP: 3/3
  1860 | D:3      | Gained mutation: You have large cloven feet. [demonic
                  | ancestry]
  1860 | D:3      | Reached XP level 4. HP: 32/32 MP: 4/4
  2096 | D:3      | Noticed Jessica
  2101 | D:3      | Killed Jessica
  2229 | D:3      | Noticed Natasha
  2238 | D:3      | Killed Natasha
  2239 | D:3      | Reached skill level 1 in Maces & Flails
  2239 | D:3      | Reached skill level 1 in Throwing
  2239 | D:3      | Gained mutation: You are immune to miasma. [demonic
                  | ancestry]
  2239 | D:3      | Reached XP level 5. HP: 37/37 MP: 5/5
  2298 | D:3      | Reached skill level 1 in Polearms
  2316 | D:3      | Found an ancient bone altar of Kikubaaqudgha.
  2328 | D:3      | Reached skill level 1 in Unarmed Combat
  2457 | D:3      | Found a blossoming altar of Fedhas.
  2465 | D:3      | Became a worshipper of Fedhas Madash
  2659 | D:4      | Found Xuttaana's Jewellery Shop.
  2663 | D:4      | Noticed Edmund
  2667 | D:4      | Found a basalt altar of Yredelemnul.
  2768 | D:4      | Gained mutation: When hurt, damage is shared between your
                  | health and your magic reserves. [demonic ancestry]
  2768 | D:4      | Reached XP level 6. HP: 43/43 MP: 6/6
  2845 | D:4      | Killed Edmund
  2846 | D:4      | Reached skill level 1 in Invocations
  2853 | D:4      | Reached XP level 7. HP: 20/49 MP: 2/7
  2853 | D:4      | Noticed Sigmund
  2953 | D:4      | Killed Sigmund
  2953 | D:4      | Reached * piety under Fedhas
  3039 | D:4      | Found a sacrificial altar of Ru.
  3127 | D:4      | Found a staircase to the Ecumenical Temple.
  3532 | D:5      | Entered Level 5 of the Dungeon
  3595 | D:5      | Reached skill level 2 in Maces & Flails
  3628 | D:5      | Gained mutation: You have hoof-like feet. [demonic
                  | ancestry]
  3628 | D:5      | Reached XP level 8. HP: 56/56 MP: 9/9
  3762 | D:5      | Gained mutation: You expend magic power (3 MP) to
                  | strengthen your wands. [potion of mutation]
  3762 | D:5      | Gained mutation: You are dopey. (Int -2) [potion of
                  | mutation]
  3762 | D:5      | Gained mutation: Your spells are a little harder to cast,
                  | but a little more powerful. [potion of mutation]
  4490 | D:6      | Noticed Blork the orc
  4491 | D:6      | Noticed Blork
  4491 | D:6      | Blork the orc changed into Blork the quokka
  4493 | D:6      | Killed Blork the quokka
  4832 | D:6      | Reached skill level 3 in Maces & Flails
  5007 | D:6      | Reached ** piety under Fedhas
  5309 | D:7      | Gained mutation: You regenerate magic rapidly. [demonic
                  | ancestry]
  5309 | D:7      | Reached XP level 9. HP: 62/62 MP: 11/11
  5320 | D:7      | Noticed Prince Ribbit
  5337 | D:7      | Killed Prince Ribbit
  5338 | D:7      | Reached skill level 4 in Maces & Flails
  5399 | D:7      | Noticed Dowan
  5400 | D:7      | Noticed Duvessa
  5411 | D:7      | Killed Dowan
  5415 | D:7      | Killed Duvessa
  5487 | D:7      | Found a flagged portal.
  5503 | Bailey   | Entered a bailey
  6089 | Bailey   | Noticed an orc knight
  6094 | Bailey   | Killed an orc knight
  6112 | Bailey   | Reached skill level 5 in Staves
  6209 | Bailey   | Gained mutation: You are completely covered in razor-sharp
                  | scales. (AC +3, Slay +3) [demonic ancestry]
  6209 | Bailey   | Reached XP level 10. HP: 46/70 MP: 7/12
  6817 | D:7      | Found a runed translucent door.
  6818 | D:7      | Noticed Crazy Yiuf
  6822 | D:7      | Killed Crazy Yiuf
  7028 | D:7      | Reached *** piety under Fedhas
  7342 | D:8      | Reached skill level 5 in Maces & Flails
  7400 | D:8      | Found a staircase to the Lair.
  7728 | D:8      | Found a white marble altar of Elyvilon.
  7728 | D:8      | Found a hazy altar of Hepliaklqana.
  7729 | D:8      | Found a shimmering altar of Xom.
  7734 | D:8      | Reached **** piety under Fedhas
  7752 | D:8      | Noticed Joseph
  7771 | D:8      | Killed Joseph
  8039 | D:8      | Found an opulent altar of Gozag.
  8155 | D:8      | Found a glowing silver altar of Zin.
  8224 | Lair:1   | Entered Level 1 of the Lair of Beasts
  8248 | Lair:1   | Noticed a cane toad
  8257 | Lair:1   | Killed a cane toad
  8310 | Lair:1   | Noticed a cane toad
  8325 | Lair:1   | Killed a cane toad
  8329 | Lair:1   | Reached skill level 6 in Maces & Flails
  8329 | Lair:1   | Reached skill level 5 in Throwing
  8550 | Lair:1   | Noticed an eight-headed hydra
  8565 | Lair:1   | Killed an eight-headed hydra
  8566 | Lair:1   | Gained mutation: You may emit foul miasma when damaged in
                  | melee. [demonic ancestry]
  8566 | Lair:1   | Reached XP level 11. HP: 53/76 MP: 8/14
  8673 | Lair:1   | Found a dark tunnel.
  8678 | Volcano  | Entered a volcano
  9128 | Volcano  | Found a burning altar of Makhleb.
  9128 | Volcano  | Noticed a lindwurm
  9139 | Volcano  | Killed a lindwurm
  9140 | Volcano  | Reached skill level 5 in Invocations
  9281 | Volcano  | Noticed a fire crab
  9285 | Volcano  | Killed a fire crab
  9303 | Volcano  | Reached skill level 7 in Maces & Flails
 10195 | Lair:2   | Noticed Gastronok
 10216 | Lair:2   | Killed Gastronok
 10418 | Lair:2   | Noticed an eight-headed hydra
 10425 | Lair:2   | Killed an eight-headed hydra
 10490 | Lair:2   | Noticed Urug
 10568 | Lair:2   | Killed Urug
 10569 | Lair:2   | Gained mutation: You have hooves in place of feet. [demonic
                  | ancestry]
 10569 | Lair:2   | Reached XP level 12. HP: 29/84 MP: 6/16
 10611 | Lair:2   | Reached skill level 5 in Axes
 10611 | Lair:2   | Reached skill level 8 in Maces & Flails
 10658 | Lair:2   | Reached skill level 5 in Armour
 10828 | Lair:2   | Noticed an eight-headed hydra
 10837 | Lair:2   | Killed an eight-headed hydra
 10838 | Lair:2   | Reached skill level 5 in Stealth
 10900 | Lair:2   | Reached skill level 5 in Evocations
 10931 | Lair:2   | Noticed Maggie
 10946 | Lair:2   | Killed Maggie
 11027 | Lair:2   | Noticed a death yak
 11036 | Lair:2   | Killed a death yak
 11036 | Lair:2   | Reached ***** piety under Fedhas
 11066 | Lair:2   | Noticed a death yak
 11067 | Lair:2   | Noticed a death yak
 11081 | Lair:2   | Killed a death yak
 11085 | Lair:2   | Killed a death yak
 11086 | Lair:2   | Reached skill level 5 in Fighting
 11191 | Lair:2   | Reached skill level 5 in Polearms
 11335 | Lair:2   | Reached skill level 5 in Dodging
 11545 | Lair:3   | Noticed a four-headed hydra
 11550 | Lair:3   | Killed a four-headed hydra
 11641 | Lair:3   | Reached skill level 5 in Shields
 11871 | Lair:3   | Reached skill level 9 in Maces & Flails
 11894 | Lair:3   | Noticed a queen ant
 11910 | Lair:3   | Killed a queen ant
 11921 | Lair:3   | Reached XP level 13. HP: 77/91 MP: 18/18
 12673 | Lair:4   | Reached skill level 5 in Unarmed Combat
 12731 | Lair:4   | Found a staircase to the Snake Pit.
 12745 | Lair:4   | Reached ****** piety under Fedhas
 12781 | Lair:4   | Noticed Josephine
 12791 | Lair:4   | Killed Josephine
 13052 | Lair:4   | Got a pitted dagger
 13053 | Lair:4   | Identified the +7 dagger of Moderation {vorpal, rElec Str+6
                  | Dex+2} (You found it on level 4 of the Lair of Beasts)
 13161 | Lair:4   | Reached skill level 10 in Maces & Flails
 13264 | Lair:4   | Found a staircase to the Swamp.
 13344 | Lair:4   | Found a snail-covered altar of Cheibriados.
 13459 | Swamp:1  | Entered Level 1 of the Swamp
 13807 | Swamp:1  | Noticed an eleionoma
 13815 | Swamp:1  | HP: 2/93 [acid[a spriggan druid] (5)]
 13816 | Swamp:1  | Slain by a goliath frog

Illustrated notes

Levels and vault maps discovered:
D:1:      dpeg_arrival_rhombus, layout_loops_cross, minmay_misc_feat_plants,
          st_stairs_14, serial_park_tiny_1
D:2:      layout_loops_ring
D:3:      layout_loops_ring, fedhas_altar_4, kennysheep_vampire_church,
          uniq_jessica, uniq_natasha
D:4:      minmay_door_path, layout_cave_pools, old_standard_altar,
          lemuel_crystal_altar, minmay_temple_entry_antechambers, serial_shops,
          shop, uniq_sigmund, uniq_edmund
D:5:      layout_gridville
D:6:      minmay_razor_zed, layout_loops_ring, uniq_blork_the_orc
D:7:      layout_cave_pods, enter_bailey_6, grunt_ministairs_13, uniq_duvessa,
          uniq_crazy_yiuf_cottage, uniq_prince_ribbit1
D:8:      layout_basic, pdpol_temple_overflow_zin_treasury_gozag_greed,
          gammafunk_temple_overflow_claw, erik_lair_orcish_takeover, uniq_joseph
Lair:1:   layout_long_grid, enter_volcano_4, grunt_megastairs_3
Lair:2:   layout_regular_city, roderic_carrion_pond, uniq_gastronok,
          uniq_maggie, uniq_urug
Lair:3:   layout_regular_city, chequers_serial_rivers_small_3,
          chequers_serial_rivers_micro_b, st_stairs_11, minivault_29,
          grunt_megastairs_2
Lair:4:   layout_roguey, minmay_swamp_entry_worms,
          minmay_snake_entry_guardpost_small, basic_altar, uniq_josephine
Swamp:1:  layout_falls_marsh, hangedman_swamp_diagram, kb_tengu_band

Skill      XL: |  1  2  3  4  5  6  7  8  9 10 11 12 13 |
---------------+----------------------------------------+-----
Staves         | 2 3 4 5 6 |  6.8
Axes           | 2 3 4 5 6 |  6.1
Dodging        | 2 3 4 5 |  5.6
Maces & Flails | 1 2 3 4 6 7 9 10 | 10.2
Throwing       | 1 2 4 5 6 |  6.5
Polearms       | 1 2 3 4 5 |  5.7
Unarmed Combat | 1 2 3 4 5 |  5.4
Stealth        | 2 3 4 5 6 |  6.1
Invocations    | 1 2 3 4 5 6 7 |  7.7
Armour         | 2 3 4 5 |  5.9
Fighting       | 2 3 4 5 6 |  6.3
Shields        | 2 3 4 5 |  5.5
Evocations     | 2 3 4 5 |  5.9

Action                   |  1- 3 |  4- 6 |  7- 9 | 10-12 | 13-15 || total
-------------------------+-------+-------+-------+-------+-------++-------
Melee: Quarterstaff      |    66 |   107 |       |       |       ||   173
       Kick              |       |    15 |    30 |   144 |    96 ||   285
       Dire flail        |       |       |   153 |   384 |   240 ||   777
Throw: Dart              |    24 |    35 |    89 |    84 |    15 ||   247
       Boomerang         |       |       |    34 |       |       ||    34
Invok: Wall of Briars    |       |       |       |     1 |       ||     1
       Grow Ballistomyce |       |       |       |     3 |     5 ||     8
       Overgrow          |       |       |       |       |     2 ||     2
Evoke: Wand              |       |     8 |    28 |    21 |    11 ||    68
       Lightning rod     |       |       |       |       |     3 ||     3
  Use: Scroll            |     6 |     6 |     9 |    13 |     4 ||    38
       Potion            |     6 |       |     8 |    10 |     3 ||    27
 Stab: Sleeping          |       |       |     3 |     5 |     2 ||    10
       Invisible         |       |       |     3 |     1 |       ||     4
       Confused          |       |       |       |     2 |       ||     2
Armor: Ring mail         |    22 |    71 |    54 |   165 |    61 ||   373
Dodge: Dodged            |    43 |    81 |   121 |   216 |    90 ||   551
